[ AOE2 MATCH · #477383984 ]
UnrankedMaya vs Bohemians
[ REPLAY ANALYSIS · EXTRACTED FROM THE RECORDED GAME ]
Feudal
13:03
Castle
16:58
Imperial
40:53
| APM avg | 36.4 |
| APM peak | 60 |
| eAPM avg | 16.9 |
| Villagers / military | 126 / 91 |
Focus
⚔️ 36.9% · 🌾 63.1%
Plumed Archer ×82 · Battering Ram ×6 · Mangonel ×3
Feudal
12:31
Castle
23:10
Imperial
—
| APM avg | 42.8 |
| APM peak | 93 |
| eAPM avg | 21.5 |
| Villagers / military | 71 / 26 |
Focus
⚔️ 30.4% · 🌾 69.6%
Archer ×11 · Fishing Ship ×8 · Monk ×5 · Militia ×5 · Scorpion ×2 · Mangonel ×1
Feudal
12:43
Castle
30:50
Imperial
—
| APM avg | 53.7 |
| APM peak | 118 |
| eAPM avg | 19.3 |
| Villagers / military | 80 / 79 |
Focus
⚔️ 26.4% · 🌾 73.6%
Archer ×74 · Battering Ram ×5
Feudal
13:43
Castle
17:13
Imperial
—
| APM avg | 35.8 |
| APM peak | 60 |
| eAPM avg | 17.0 |
| Villagers / military | 126 / 93 |
Focus
⚔️ 27.9% · 🌾 72.1%
Archer ×93
Feudal
12:57
Castle
19:14
Imperial
—
| APM avg | 37.5 |
| APM peak | 85 |
| eAPM avg | 19.9 |
| Villagers / military | 106 / 81 |
Focus
⚔️ 30.1% · 🌾 69.9%
Ratha (Ranged) ×77 · Mangonel ×3 · Skirmisher ×1
Feudal
13:05
Castle
17:20
Imperial
33:57
| APM avg | 50.9 |
| APM peak | 99 |
| eAPM avg | 23.7 |
| Villagers / military | 106 / 95 |
Focus
⚔️ 21.0% · 🌾 79.0%
Scout Cavalry ×56 · Camel Scout ×26 · Scorpion ×9 · Trebuchet (Packed) ×4
Feudal
11:35
Castle
27:27
Imperial
39:18
| APM avg | 49.6 |
| APM peak | 87 |
| eAPM avg | 22.5 |
| Villagers / military | 175 / 99 |
Focus
⚔️ 27.8% · 🌾 72.2%
Archer ×43 · Samurai ×40 · Skirmisher ×10 · Trebuchet (Packed) ×6
Feudal
12:43
Castle
25:55
Imperial
—
| APM avg | 44.8 |
| APM peak | 81 |
| eAPM avg | 19.2 |
| Villagers / military | 88 / 78 |
Focus
⚔️ 23.1% · 🌾 76.9%
Knight ×65 · Scout Cavalry ×13
Match map
Initial resources + every placement click. Lines = walls · curves = elevation contours. ◆ gold · ⬟ stone · ● berries · ✦ relic · ◌ wall gap
Your base· Open — unwalled flank
SSx_KakashiXxX's base· Open — unwalled flank
SSx_Flexa's base· Open — unwalled flank
WagneR_JR's base· Open — 8t gap
Gomes's base· Open — unwalled flank
Arabeiro's base· Open — unwalled flank
SS_Spectro's base· ✓ Closed at 27:27 · 44t walls · no gate
SS_Tiozão's base· Open — 6t gap
Smoothed initial terrain · ◌ = detected wall gap · hover for details
Inputs per minute
— Five - - SSx_KakashiXxX
Build order — Five
First 150 of 269 actions detected
| 0:24 | Build | Town Center |
| 2:02 | Build | House |
| 2:33 | Create | Villager (Male) ×3 |
| 3:31 | Build | Palisade Wall |
| 3:37 | Create | Villager (Male) |
| 3:44 | Build | Palisade Wall |
| 4:04 | Build | House |
| 4:12 | Create | Villager (Male) |
| 4:26 | Create | Villager (Male) |
| 4:47 | Create | Villager (Male) |
| 5:28 | Create | Villager (Male) |
| 5:41 | Build | Lumber Camp |
| 5:50 | Create | Villager (Male) |
| 6:05 | Build | Palisade Wall |
| 6:13 | Create | Villager (Male) |
| 6:25 | Build | House |
| 6:40 | Create | Villager (Male) |
| 7:04 | Create | Villager (Male) |
| 7:27 | Create | Villager (Male) |
| 7:46 | Create | Villager (Male) |
| 7:59 | Create | Villager (Male) |
| 8:09 | Build | Mill |
| 8:17 | Create | Villager (Male) |
| 8:47 | Create | Villager (Male) |
| 9:03 | Build | House |
| 9:10 | Research | Loom |
| 9:33 | Create | Villager (Male) |
| 9:54 | Build | Mining Camp |
| 9:56 | Create | Villager (Male) |
| 10:21 | Create | Villager (Male) |
| 10:39 | Research | Feudal Age |
| 11:17 | Build | Palisade Wall |
| 11:40 | Build | Palisade Wall |
| 12:50 | Build | House |
| 12:59 | Create | Villager (Male) |
| 13:03 | Age | Feudal Age |
| 13:07 | Build | Market |
| 13:11 | Create | Villager (Male) |
| 13:15 | Build | Market |
| 13:19 | Build | Blacksmith |
| 13:25 | Build | Gate |
| 13:27 | Build | House |
| 13:28 | Build | House |
| 13:31 | Create | Villager (Male) |
| 13:35 | Build | Outpost |
| 13:39 | Build | Outpost |
| 14:04 | Build | Palisade Wall |
| 14:06 | Build | Palisade Wall |
| 14:10 | Build | Palisade Wall |
| 14:15 | Research | Castle Age |
| 14:31 | Build | Palisade Wall |
| 14:33 | Build | Palisade Wall |
| 14:40 | Build | House |
| 14:45 | Build | Palisade Wall |
| 14:49 | Build | Palisade Wall |
| 14:51 | Build | Palisade Wall |
| 14:59 | Research | Double-Bit Axe |
| 16:58 | Age | Castle Age |
| 17:00 | Create | Villager (Male) |
| 17:08 | Create | Villager (Male) |
| 17:29 | Build | Castle |
| 17:37 | Research | Bow Saw |
| 17:43 | Create | Villager (Male) |
| 18:00 | Build | University |
| 18:09 | Create | Villager (Male) |
| 18:28 | Research | Horse Collar |
| 18:37 | Build | Farm |
| 18:39 | Build | Farm |
| 18:44 | Create | Villager (Male) |
| 18:45 | Create | Plumed Archer |
| 18:47 | Create | Plumed Archer |
| 19:02 | Create | Plumed Archer |
| 19:05 | Build | Farm |
| 19:08 | Create | Villager (Male) |
| 19:11 | Create | Plumed Archer |
| 19:15 | Build | House |
| 19:27 | Create | Plumed Archer |
| 19:31 | Create | Villager (Male) |
| 19:44 | Create | Plumed Archer |
| 19:55 | Research | Ballistics |
| 19:59 | Create | Villager (Male) |
| 20:07 | Research | Fletching |
| 20:09 | Create | Plumed Archer |
| 20:15 | Create | Villager (Male) |
| 20:21 | Build | House |
| 20:22 | Build | House |
| 20:24 | Research | Town Watch |
| 20:29 | Create | Plumed Archer |
| 20:38 | Create | Plumed Archer |
| 20:47 | Build | House |
| 20:52 | Create | Plumed Archer |
| 21:09 | Create | Villager (Male) |
| 21:14 | Create | Plumed Archer |
| 21:15 | Create | Plumed Archer |
| 21:20 | Build | House |
| 21:21 | Build | House |
| 21:38 | Research | Bodkin Arrow |
| 21:51 | Create | Plumed Archer |
| 22:00 | Create | Villager (Male) |
| 22:04 | Build | Farm |
| 22:07 | Build | Farm |
| 22:10 | Build | Farm |
| 22:23 | Create | Plumed Archer |
| 22:23 | Create | Plumed Archer |
| 22:31 | Create | Villager (Male) |
| 22:46 | Create | Plumed Archer |
| 22:47 | Create | Villager (Male) ×2 |
| 23:13 | Create | Plumed Archer |
| 23:14 | Create | Villager (Male) |
| 23:24 | Create | Plumed Archer |
| 23:24 | Create | Plumed Archer |
| 23:40 | Create | Villager (Male) |
| 23:59 | Create | Villager (Male) |
| 24:02 | Build | Town Center |
| 24:10 | Research | Padded Archer Armor |
| 24:10 | Create | Plumed Archer |
| 24:40 | Build | Farm |
| 24:41 | Build | Farm |
| 24:51 | Create | Villager (Male) |
| 25:07 | Create | Plumed Archer |
| 25:09 | Create | Villager (Male) ×3 |
| 25:50 | Build | Town Center |
| 25:55 | Create | Plumed Archer |
| 25:55 | Create | Plumed Archer |
| 26:03 | Create | Villager (Male) |
| 26:13 | Build | Farm |
| 26:17 | Create | Villager (Male) |
| 26:32 | Create | Plumed Archer |
| 26:32 | Create | Plumed Archer |
| 26:32 | Create | Plumed Archer |
| 26:33 | Create | Villager (Male) |
| 26:36 | Build | Farm |
| 26:38 | Build | Farm |
| 26:41 | Create | Villager (Male) |
| 26:43 | Build | Farm |
| 26:45 | Build | Farm |
| 26:53 | Build | Farm |
| 26:59 | Build | House |
| 27:00 | Build | House |
| 27:23 | Create | Villager (Male) |
| 27:28 | Build | Farm |
| 27:29 | Build | Farm |
| 27:32 | Build | Farm |
| 27:33 | Build | Farm |
| 28:12 | Create | Villager (Male) ×5 |
| 28:14 | Create | Plumed Archer |
| 28:17 | Build | Siege Workshop |
| 28:49 | Create | Villager (Male) |
| 28:51 | Create | Mangonel |
| 28:53 | Create | Plumed Archer |
Build order — SSx_KakashiXxX
First 150 of 211 actions detected
| 0:16 | Build | Town Center |
| 1:42 | Build | House |
| 1:56 | Build | Palisade Wall |
| 2:06 | Build | House |
| 2:10 | Build | Palisade Wall |
| 2:13 | Build | House |
| 2:49 | Create | Villager (Male) |
| 2:49 | Create | Villager (Male) |
| 2:49 | Create | Villager (Male) |
| 2:49 | Create | Villager (Male) |
| 2:50 | Create | Villager (Male) |
| 2:55 | Build | Palisade Wall |
| 2:59 | Build | Palisade Wall |
| 3:07 | Build | Palisade Wall |
| 3:13 | Build | Palisade Wall |
| 3:15 | Build | House |
| 3:28 | Build | Palisade Wall |
| 3:39 | Build | Palisade Wall |
| 4:30 | Create | Villager (Male) |
| 4:44 | Create | Villager (Male) |
| 4:50 | Build | House |
| 5:00 | Build | Palisade Wall |
| 5:08 | Build | House |
| 5:11 | Build | House |
| 5:16 | Create | Villager (Male) |
| 5:26 | Build | Palisade Wall |
| 5:31 | Create | Villager (Male) |
| 5:54 | Build | Lumber Camp |
| 6:02 | Create | Villager (Male) |
| 6:27 | Create | Villager (Male) |
| 6:39 | Create | Villager (Male) |
| 6:58 | Create | Villager (Male) |
| 7:12 | Build | House |
| 7:16 | Create | Villager (Male) |
| 8:01 | Create | Villager (Male) |
| 8:20 | Create | Villager (Male) |
| 8:30 | Build | Barracks |
| 8:52 | Build | House |
| 9:01 | Create | Villager (Male) |
| 9:31 | Create | Villager (Male) |
| 9:34 | Research | Loom |
| 10:17 | Research | Feudal Age |
| 10:44 | Create | Militia |
| 10:44 | Create | Militia |
| 10:55 | Create | Militia |
| 11:08 | Create | Militia |
| 11:14 | Build | Dock |
| 11:48 | Create | Villager (Male) |
| 11:55 | Build | House |
| 11:58 | Create | Fishing Ship |
| 12:31 | Age | Feudal Age |
| 12:36 | Research | Man-at-Arms (upgrade) |
| 12:38 | Create | Villager (Male) |
| 12:44 | Research | Double-Bit Axe |
| 13:05 | Create | Villager (Male) |
| 13:27 | Create | Villager (Male) |
| 13:29 | Create | Fishing Ship |
| 13:32 | Build | Mill |
| 13:56 | Create | Villager (Male) |
| 14:08 | Create | Fishing Ship |
| 14:27 | Create | Villager (Male) |
| 14:31 | Create | Fishing Ship |
| 14:35 | Build | House |
| 14:39 | Create | Militia |
| 15:00 | Create | Villager (Male) |
| 15:08 | Build | Blacksmith |
| 15:13 | Create | Fishing Ship |
| 15:33 | Create | Villager (Male) |
| 15:58 | Create | Villager (Male) |
| 16:14 | Build | Archery Range |
| 16:19 | Create | Villager (Male) |
| 16:26 | Build | House |
| 16:36 | Build | Palisade Gate |
| 16:49 | Build | Palisade Gate |
| 17:04 | Create | Villager (Male) |
| 17:19 | Build | Mining Camp |
| 17:28 | Create | Spearman |
| 17:30 | Create | Villager (Male) |
| 17:32 | Build | House |
| 17:48 | Build | House |
| 17:53 | Create | Villager (Male) |
| 18:13 | Build | House |
| 18:15 | Create | Archer |
| 18:31 | Create | Archer |
| 18:37 | Build | House |
| 18:38 | Build | House |
| 18:40 | Build | Palisade Wall |
| 18:45 | Build | Palisade Gate |
| 18:47 | Build | House |
| 18:48 | Create | Villager (Male) |
| 18:59 | Create | Villager (Male) |
| 19:14 | Create | Archer |
| 19:25 | Create | Villager (Male) |
| 19:34 | Build | Market |
| 19:35 | Create | Villager (Male) |
| 19:48 | Build | Fish Trap |
| 20:30 | Research | Castle Age |
| 20:40 | Build | Fish Trap |
| 20:54 | Create | Archer |
| 21:01 | Build | Palisade Gate |
| 21:04 | Build | Palisade Wall |
| 21:16 | Build | Fish Trap |
| 21:29 | Build | Watch Tower |
| 21:37 | Create | Archer |
| 21:48 | Build | Fish Trap |
| 21:51 | Build | Fish Trap |
| 21:52 | Create | Fishing Ship |
| 21:54 | Create | Villager (Male) |
| 21:59 | Build | Palisade Gate |
| 22:00 | Create | Archer |
| 22:00 | Create | Archer |
| 22:08 | Build | Palisade Gate |
| 22:18 | Build | House |
| 22:20 | Build | Palisade Wall |
| 22:27 | Build | House |
| 22:29 | Build | Palisade Wall |
| 22:31 | Build | Palisade Wall |
| 22:33 | Build | Palisade Wall |
| 22:48 | Build | Palisade Wall |
| 23:09 | Create | Archer |
| 23:09 | Create | Archer |
| 23:10 | Age | Castle Age |
| 23:31 | Create | Archer |
| 23:45 | Build | Siege Workshop |
| 23:48 | Build | Gate |
| 23:51 | Build | House |
| 23:54 | Build | Palisade Wall |
| 24:28 | Create | Scorpion |
| 24:29 | Create | Scorpion |
| 25:33 | Build | House |
| 25:44 | Create | Villager (Male) |
| 25:44 | Create | Villager (Male) |
| 26:13 | Build | Lumber Camp |
| 26:51 | Build | Fish Trap |
| 27:11 | Create | Villager (Male) |
| 27:23 | Build | Fish Trap |
| 27:32 | Create | Archer |
| 27:51 | Build | Town Center |
| 27:55 | Create | Fishing Ship |
| 27:57 | Create | Villager (Male) |
| 27:57 | Create | Villager (Male) |
| 28:31 | Build | Lumber Camp |
| 28:34 | Create | Villager (Male) |
| 28:55 | Build | Fish Trap |
| 28:57 | Create | Fishing Ship |
| 29:06 | Create | Villager (Male) |
| 29:06 | Create | Villager (Male) |
| 29:11 | Create | Battering Ram |
| 29:24 | Create | Villager (Male) |
| 29:24 | Create | Villager (Male) |
Build order — SSx_Flexa
First 150 of 243 actions detected
| 0:34 | Build | Town Center |
| 1:29 | Build | House |
| 2:35 | Build | House |
| 3:01 | Create | Villager (Male) |
| 3:01 | Create | Villager (Male) |
| 3:01 | Create | Villager (Male) |
| 3:26 | Create | Villager (Male) |
| 3:54 | Create | Villager (Male) |
| 4:36 | Create | Villager (Male) |
| 4:38 | Build | House |
| 4:47 | Build | House |
| 5:13 | Create | Villager (Male) |
| 5:58 | Create | Villager (Male) |
| 6:01 | Create | Villager (Male) |
| 6:25 | Create | Villager (Male) |
| 6:32 | Build | House |
| 6:50 | Create | Villager (Male) |
| 7:15 | Create | Villager (Male) |
| 7:30 | Create | Villager (Male) |
| 7:31 | Create | Villager (Male) |
| 7:31 | Create | Villager (Male) |
| 7:31 | Create | Villager (Male) |
| 7:36 | Build | Lumber Camp |
| 7:47 | Create | Villager (Male) |
| 8:18 | Create | Villager (Male) |
| 8:18 | Create | Villager (Male) |
| 8:18 | Create | Villager (Male) |
| 9:47 | Build | Mill |
| 10:25 | Research | Feudal Age |
| 11:23 | Build | Barracks |
| 11:47 | Build | House |
| 11:58 | Build | Palisade Wall |
| 12:43 | Age | Feudal Age |
| 12:46 | Research | Loom |
| 13:05 | Create | Villager (Male) |
| 13:36 | Build | House |
| 13:56 | Create | Villager (Male) |
| 13:57 | Create | Villager (Male) |
| 13:57 | Create | Villager (Male) |
| 13:57 | Create | Villager (Male) |
| 14:30 | Create | Villager (Male) |
| 14:49 | Create | Villager (Male) |
| 15:00 | Create | Villager (Male) |
| 15:17 | Build | Palisade Gate |
| 15:24 | Build | Palisade Wall |
| 15:30 | Build | Palisade Wall |
| 15:33 | Create | Villager (Male) |
| 15:36 | Build | Archery Range |
| 15:37 | Create | Villager (Male) |
| 15:47 | Create | Villager (Male) |
| 16:06 | Create | Villager (Male) |
| 16:09 | Create | Villager (Male) |
| 16:16 | Create | Villager (Male) |
| 16:16 | Create | Villager (Male) |
| 16:35 | Create | Villager (Male) |
| 16:41 | Create | Archer |
| 16:59 | Build | Archery Range |
| 17:17 | Create | Villager (Male) |
| 17:21 | Create | Archer |
| 17:29 | Create | Archer |
| 17:36 | Create | Archer |
| 17:39 | Create | Archer |
| 18:11 | Create | Archer |
| 18:15 | Create | Villager (Male) |
| 18:30 | Create | Archer |
| 18:34 | Build | House |
| 18:44 | Build | Blacksmith |
| 18:52 | Create | Villager (Male) |
| 18:54 | Build | House |
| 19:02 | Create | Archer |
| 19:05 | Build | House |
| 19:07 | Create | Archer |
| 19:14 | Create | Villager (Male) |
| 19:18 | Create | Archer |
| 19:28 | Research | Fletching |
| 19:36 | Build | Palisade Wall |
| 19:37 | Create | Archer |
| 19:46 | Create | Archer |
| 19:56 | Create | Archer |
| 19:59 | Research | Padded Archer Armor |
| 20:24 | Create | Archer |
| 20:28 | Create | Villager (Male) |
| 20:29 | Create | Archer |
| 20:35 | Create | Villager (Male) |
| 21:29 | Create | Archer |
| 21:34 | Build | Farm |
| 21:36 | Build | Farm |
| 21:38 | Build | Farm |
| 21:49 | Create | Archer |
| 21:50 | Create | Archer |
| 21:59 | Create | Archer |
| 22:02 | Create | Villager (Male) |
| 22:05 | Build | Farm |
| 22:07 | Build | House |
| 22:10 | Build | House |
| 22:15 | Create | Archer |
| 22:20 | Create | Archer |
| 22:28 | Create | Villager (Male) |
| 22:31 | Build | Farm |
| 22:33 | Build | House |
| 22:41 | Create | Archer |
| 22:44 | Build | House |
| 22:55 | Create | Villager (Male) |
| 22:58 | Create | Villager (Male) |
| 23:03 | Build | Farm |
| 23:06 | Create | Archer |
| 23:09 | Create | Archer |
| 23:21 | Build | House |
| 23:35 | Create | Archer |
| 23:37 | Create | Villager (Male) |
| 23:40 | Build | House |
| 23:41 | Build | House |
| 23:42 | Create | Villager (Male) |
| 23:48 | Build | Farm |
| 23:49 | Create | Villager (Male) |
| 24:14 | Create | Archer |
| 24:22 | Create | Archer |
| 24:25 | Create | Villager (Male) |
| 24:29 | Build | Farm |
| 24:30 | Build | Farm |
| 24:37 | Create | Archer |
| 24:38 | Create | Archer |
| 25:23 | Create | Archer |
| 25:23 | Create | Archer |
| 25:26 | Create | Villager (Male) |
| 25:32 | Build | Farm |
| 25:44 | Create | Villager (Male) |
| 25:46 | Create | Archer |
| 25:47 | Create | Archer |
| 25:54 | Build | Archery Range |
| 26:00 | Build | House |
| 26:15 | Build | Market |
| 26:17 | Create | Archer |
| 26:17 | Create | Archer |
| 26:24 | Create | Archer |
| 26:30 | Build | Palisade Wall |
| 26:45 | Build | Palisade Wall |
| 26:48 | Build | Farm |
| 26:52 | Create | Archer |
| 27:01 | Create | Archer |
| 27:13 | Build | House |
| 27:15 | Build | House |
| 27:20 | Create | Archer |
| 27:27 | Build | Farm |
| 27:29 | Create | Archer |
| 28:10 | Research | Castle Age |
| 28:13 | Build | House |
| 28:42 | Create | Archer |
| 28:51 | Build | House |
| 28:53 | Build | House |
Build order — WagneR_JR
First 150 of 307 actions detected
| 0:55 | Build | Town Center |
| 3:12 | Create | Villager (Male) ×4 |
| 3:34 | Build | House |
| 3:43 | Research | Loom |
| 3:44 | Create | Villager (Male) ×2 |
| 3:44 | Create | Villager (Male) ×2 |
| 4:13 | Create | Villager (Male) |
| 4:24 | Build | House |
| 5:24 | Create | Villager (Male) ×2 |
| 5:27 | Build | House |
| 5:59 | Create | Villager (Male) ×2 |
| 5:59 | Create | Villager (Male) ×2 |
| 6:50 | Build | Settlement |
| 7:00 | Build | House |
| 7:12 | Build | House |
| 7:21 | Create | Villager (Male) ×3 |
| 7:26 | Build | House |
| 7:40 | Create | Villager (Male) |
| 8:03 | Build | House |
| 8:54 | Create | Villager (Male) |
| 9:18 | Create | Villager (Male) |
| 9:21 | Build | House |
| 9:41 | Create | Villager (Male) |
| 9:43 | Build | House |
| 9:52 | Build | House |
| 10:01 | Build | House |
| 10:10 | Create | Villager (Male) |
| 10:14 | Build | House |
| 10:32 | Create | Villager (Male) |
| 10:45 | Create | Villager (Male) |
| 11:12 | Research | Feudal Age |
| 12:22 | Build | Barracks |
| 13:02 | Create | Villager (Male) |
| 13:02 | Create | Villager (Male) |
| 13:11 | Build | House |
| 13:34 | Build | House |
| 13:43 | Age | Feudal Age |
| 13:47 | Build | Archery Range |
| 13:50 | Build | Blacksmith |
| 13:59 | Build | House |
| 14:15 | Build | House |
| 14:32 | Research | Castle Age |
| 14:41 | Create | Archer ×3 |
| 14:53 | Build | House |
| 14:55 | Build | House |
| 15:38 | Research | Fletching |
| 15:49 | Build | Palisade Wall |
| 15:53 | Build | House |
| 16:11 | Research | Double-Bit Axe |
| 16:30 | Create | Archer |
| 16:46 | Create | Villager (Male) |
| 16:49 | Build | House |
| 17:08 | Create | Villager (Male) |
| 17:13 | Age | Castle Age |
| 17:19 | Research | Crossbowman (upgrade) |
| 17:47 | Create | Archer |
| 17:57 | Build | Town Center |
| 18:11 | Create | Villager (Male) |
| 18:24 | Create | Archer |
| 18:31 | Create | Archer |
| 18:34 | Create | Villager (Male) |
| 18:56 | Create | Villager (Male) |
| 19:09 | Build | Farm |
| 19:10 | Build | Farm |
| 19:10 | Build | Farm |
| 19:10 | Build | Farm |
| 19:16 | Create | Archer |
| 19:29 | Build | Farm |
| 19:30 | Build | Farm |
| 19:30 | Build | Farm |
| 19:30 | Build | Farm |
| 19:30 | Build | Farm |
| 19:37 | Create | Archer |
| 19:40 | Create | Villager (Male) |
| 20:04 | Build | Farm |
| 20:04 | Build | Farm |
| 20:04 | Build | Farm |
| 20:04 | Build | Farm |
| 20:05 | Build | Farm |
| 20:05 | Build | Farm |
| 20:05 | Build | Farm |
| 20:05 | Build | Farm |
| 20:06 | Build | Farm |
| 20:19 | Create | Villager (Male) |
| 20:21 | Create | Archer |
| 20:21 | Create | Archer |
| 20:29 | Build | House |
| 20:30 | Build | House |
| 20:34 | Create | Villager (Male) |
| 20:56 | Create | Villager (Male) |
| 20:56 | Create | Villager (Male) |
| 21:03 | Build | Farm |
| 21:03 | Build | Farm |
| 21:03 | Build | Farm |
| 21:04 | Build | Farm |
| 21:08 | Create | Archer |
| 21:09 | Create | Villager (Male) ×3 |
| 21:21 | Research | Bodkin Arrow |
| 21:36 | Build | Farm |
| 21:37 | Build | Farm |
| 21:37 | Build | Farm |
| 21:40 | Create | Villager (Male) |
| 21:45 | Build | House |
| 21:46 | Build | House |
| 22:01 | Build | Farm |
| 22:02 | Build | Farm |
| 22:02 | Build | Farm |
| 22:02 | Build | Farm |
| 22:02 | Build | Farm |
| 22:08 | Create | Villager (Male) |
| 22:16 | Build | House |
| 22:17 | Build | House |
| 22:27 | Create | Villager (Male) |
| 22:27 | Create | Archer ×4 |
| 22:42 | Build | Palisade Wall |
| 22:46 | Build | Palisade Wall |
| 22:53 | Create | Villager (Male) ×2 |
| 22:53 | Create | Villager (Male) ×2 |
| 22:58 | Build | Farm |
| 22:58 | Build | Farm |
| 22:58 | Build | Farm |
| 22:58 | Build | Farm |
| 22:58 | Build | Farm |
| 22:59 | Build | Farm |
| 22:59 | Build | Farm |
| 23:13 | Create | Villager (Male) |
| 23:15 | Create | Villager (Male) |
| 23:20 | Build | Farm |
| 23:42 | Build | Farm |
| 23:42 | Build | Farm |
| 23:43 | Build | Farm |
| 23:43 | Build | Farm |
| 23:45 | Create | Villager (Male) ×2 |
| 23:58 | Build | Farm |
| 24:02 | Build | Palisade Wall |
| 24:05 | Build | Palisade Wall |
| 24:06 | Build | Palisade Gate |
| 24:09 | Build | House |
| 24:10 | Create | Villager (Male) |
| 24:11 | Create | Villager (Male) |
| 24:21 | Build | House |
| 24:23 | Build | House |
| 24:30 | Create | Villager (Male) |
| 24:30 | Create | Villager (Male) |
| 24:36 | Create | Archer ×5 |
| 24:37 | Create | Archer |
| 25:03 | Create | Villager (Male) |
| 25:06 | Build | Farm |
| 25:18 | Research | Wheelbarrow |
| 25:28 | Create | Villager (Male) |
Build order — Gomes
First 150 of 301 actions detected
| 0:41 | Build | Town Center |
| 1:21 | Build | House |
| 1:31 | Build | House |
| 2:28 | Build | House |
| 2:41 | Build | House |
| 2:44 | Build | House |
| 3:01 | Build | House |
| 3:08 | Create | Villager (Male) |
| 3:13 | Create | Villager (Male) |
| 3:45 | Create | Villager (Male) |
| 3:46 | Create | Villager (Male) |
| 4:26 | Research | Loom |
| 4:36 | Create | Villager (Male) |
| 5:02 | Build | House |
| 5:17 | Build | House |
| 5:33 | Build | House |
| 5:39 | Create | Villager (Male) |
| 5:40 | Create | Villager (Male) |
| 5:46 | Build | House |
| 6:09 | Create | Villager (Male) |
| 6:12 | Build | House |
| 6:27 | Create | Villager (Male) |
| 6:33 | Build | Lumber Camp |
| 6:57 | Create | Villager (Male) |
| 7:00 | Create | Villager (Male) |
| 7:19 | Create | Villager (Male) |
| 7:32 | Build | House |
| 7:51 | Create | Villager (Male) |
| 8:46 | Create | Villager (Male) |
| 8:50 | Create | Villager (Male) |
| 9:17 | Build | House |
| 9:32 | Build | Mill |
| 9:36 | Create | Villager (Male) |
| 9:36 | Create | Villager (Male) |
| 9:53 | Create | Villager (Male) |
| 9:55 | Create | Villager (Male) |
| 10:23 | Build | House |
| 10:47 | Research | Feudal Age |
| 10:47 | Research | Feudal Age |
| 11:05 | Build | Palisade Wall |
| 11:27 | Create | Villager (Male) |
| 11:44 | Build | Palisade Wall |
| 11:48 | Build | Palisade Wall |
| 11:51 | Build | Palisade Wall |
| 12:05 | Create | Villager (Male) |
| 12:13 | Create | Villager (Male) |
| 12:15 | Build | House |
| 12:31 | Build | House |
| 12:47 | Build | House |
| 12:57 | Age | Feudal Age |
| 12:59 | Create | Villager (Male) |
| 13:03 | Build | Barracks |
| 13:22 | Build | Palisade Gate |
| 13:33 | Build | House |
| 13:45 | Build | Archery Range |
| 14:09 | Create | Villager (Male) |
| 14:32 | Create | Villager (Male) |
| 14:43 | Build | Blacksmith |
| 15:05 | Build | House |
| 15:06 | Create | Villager (Male) |
| 15:35 | Create | Villager (Male) |
| 16:07 | Build | Watch Tower |
| 16:35 | Research | Castle Age |
| 16:35 | Research | Castle Age |
| 16:42 | Build | Mining Camp |
| 17:55 | Research | Town Watch |
| 17:59 | Create | Skirmisher |
| 18:42 | Build | House |
| 18:44 | Build | House |
| 19:14 | Age | Castle Age |
| 19:17 | Create | Villager (Male) |
| 19:55 | Build | Market |
| 20:08 | Build | Farm |
| 20:13 | Build | Farm |
| 20:17 | Build | Farm |
| 20:44 | Create | Villager (Male) |
| 21:15 | Build | Castle |
| 21:21 | Create | Villager (Male) |
| 21:22 | Create | Villager (Male) |
| 21:27 | Research | Double-Bit Axe |
| 21:49 | Build | Farm |
| 21:50 | Build | Farm |
| 21:53 | Create | Villager (Male) |
| 22:22 | Create | Villager (Male) |
| 22:25 | Build | Farm |
| 22:43 | Create | Ratha (Ranged) ×5 |
| 22:49 | Create | Villager (Male) |
| 23:04 | Create | Ratha (Ranged) ×2 |
| 23:17 | Create | Villager (Male) |
| 23:22 | Create | Villager (Male) |
| 23:28 | Create | Ratha (Ranged) |
| 23:37 | Create | Villager (Male) |
| 23:53 | Create | Villager (Male) |
| 23:55 | Create | Villager (Male) |
| 24:08 | Build | Town Center |
| 24:09 | Create | Villager (Male) |
| 24:22 | Create | Ratha (Ranged) |
| 24:22 | Create | Ratha (Ranged) |
| 24:33 | Create | Villager (Male) |
| 24:48 | Research | Bow Saw |
| 24:50 | Create | Villager (Male) |
| 24:56 | Research | Fletching |
| 25:00 | Create | Ratha (Ranged) |
| 25:24 | Create | Ratha (Ranged) |
| 25:28 | Create | Villager (Male) |
| 25:44 | Research | Bodkin Arrow |
| 25:48 | Create | Ratha (Ranged) |
| 25:52 | Build | House |
| 25:56 | Build | House |
| 25:57 | Build | House |
| 25:59 | Build | House |
| 26:03 | Create | Villager (Male) |
| 26:16 | Create | Villager (Male) |
| 26:22 | Create | Villager (Male) |
| 26:28 | Research | Wheelbarrow |
| 26:29 | Create | Ratha (Ranged) |
| 26:37 | Create | Ratha (Ranged) |
| 26:51 | Create | Villager (Male) |
| 26:53 | Build | Farm |
| 26:53 | Build | Farm |
| 26:54 | Build | Farm |
| 26:54 | Build | Farm |
| 27:06 | Create | Villager (Male) |
| 27:19 | Create | Villager (Male) |
| 27:22 | Build | Siege Workshop |
| 27:27 | Build | House |
| 27:28 | Build | House |
| 27:35 | Build | House |
| 27:41 | Build | Palisade Wall |
| 27:43 | Create | Villager (Male) |
| 27:54 | Build | Lumber Camp |
| 28:00 | Research | Horse Collar |
| 28:02 | Create | Villager (Male) |
| 28:02 | Create | Villager (Male) |
| 28:15 | Create | Ratha (Ranged) |
| 28:26 | Research | Padded Archer Armor |
| 28:33 | Create | Ratha (Ranged) |
| 28:35 | Create | Villager (Male) |
| 28:41 | Build | Outpost |
| 28:46 | Create | Ratha (Ranged) |
| 28:58 | Create | Villager (Male) |
| 29:14 | Create | Mangonel |
| 29:15 | Create | Villager (Male) |
| 29:17 | Create | Ratha (Ranged) |
| 29:22 | Build | Farm |
| 29:23 | Build | Farm |
| 29:23 | Build | Farm |
| 29:23 | Build | Farm |
| 29:23 | Build | Farm |
| 29:23 | Build | Farm |
Build order — Arabeiro
First 150 of 310 actions detected
| 0:08 | Build | Town Center |
| 2:02 | Build | House |
| 2:24 | Create | Villager (Male) |
| 2:24 | Create | Villager (Male) |
| 2:24 | Create | Villager (Male) |
| 2:53 | Create | Villager (Male) |
| 3:19 | Build | House |
| 3:59 | Create | Villager (Male) |
| 4:03 | Build | House |
| 4:18 | Build | House |
| 4:35 | Create | Villager (Male) |
| 5:05 | Create | Villager (Male) |
| 5:24 | Build | Palisade Wall |
| 5:26 | Build | House |
| 5:30 | Create | Villager (Male) |
| 5:31 | Create | Villager (Male) |
| 5:38 | Build | Lumber Camp |
| 6:09 | Create | Villager (Male) |
| 6:37 | Create | Villager (Male) |
| 6:54 | Create | Villager (Male) |
| 7:14 | Build | Palisade Wall |
| 7:16 | Build | House |
| 7:20 | Create | Villager (Male) |
| 7:53 | Create | Villager (Male) |
| 8:16 | Create | Villager (Male) |
| 8:24 | Build | Mill |
| 8:37 | Build | Palisade Wall |
| 8:41 | Build | Palisade Wall |
| 8:46 | Create | Villager (Male) |
| 8:57 | Create | Villager (Male) |
| 9:21 | Build | Palisade Wall |
| 9:37 | Create | Villager (Male) |
| 9:45 | Build | Palisade Wall |
| 9:48 | Build | Palisade Wall |
| 9:53 | Build | Palisade Wall |
| 9:58 | Create | Villager (Male) |
| 10:09 | Create | Villager (Male) |
| 10:21 | Build | Palisade Wall |
| 10:31 | Build | Palisade Wall |
| 10:46 | Build | House |
| 10:54 | Research | Feudal Age |
| 11:28 | Build | Mining Camp |
| 12:29 | Build | Palisade Wall |
| 13:05 | Age | Feudal Age |
| 13:08 | Build | Market |
| 13:09 | Create | Villager (Male) |
| 13:20 | Create | Villager (Male) |
| 13:36 | Build | Blacksmith |
| 13:53 | Create | Villager (Male) |
| 14:27 | Build | House |
| 14:40 | Research | Castle Age |
| 14:44 | Build | House |
| 15:27 | Research | Double-Bit Axe |
| 16:00 | Research | Horse Collar |
| 17:11 | Research | Loom |
| 17:20 | Age | Castle Age |
| 17:21 | Build | Siege Workshop |
| 17:24 | Create | Villager (Male) |
| 17:27 | Build | Town Center |
| 17:35 | Research | Bow Saw |
| 17:49 | Create | Scorpion |
| 17:55 | Build | Farm |
| 17:58 | Create | Villager (Male) |
| 18:13 | Create | Villager (Male) |
| 18:15 | Build | Farm |
| 18:25 | Create | Scorpion |
| 18:25 | Create | Scorpion |
| 18:32 | Create | Villager (Male) |
| 18:41 | Build | Farm |
| 18:49 | Build | House |
| 18:50 | Build | House |
| 18:52 | Build | House |
| 18:57 | Create | Villager (Male) |
| 18:57 | Create | Villager (Male) |
| 19:12 | Create | Scorpion |
| 19:19 | Create | Villager (Male) |
| 19:21 | Build | Farm |
| 19:28 | Create | Villager (Male) |
| 19:41 | Build | Farm |
| 19:43 | Build | Farm |
| 19:52 | Build | Mining Camp |
| 19:57 | Create | Scorpion |
| 20:02 | Create | Villager (Male) |
| 20:02 | Create | Villager (Male) |
| 20:12 | Build | House |
| 20:40 | Create | Villager (Male) |
| 20:42 | Build | Town Center |
| 20:52 | Create | Scorpion |
| 21:02 | Build | Farm |
| 21:03 | Create | Villager (Male) |
| 21:26 | Create | Scorpion |
| 21:45 | Build | Palisade Wall |
| 21:48 | Create | Villager (Male) |
| 21:48 | Create | Villager (Male) |
| 21:54 | Build | Mill |
| 21:55 | Build | Farm |
| 21:55 | Build | Farm |
| 21:55 | Build | Farm |
| 21:56 | Build | Farm |
| 21:56 | Build | Farm |
| 22:10 | Build | Farm |
| 22:15 | Create | Villager (Male) |
| 22:20 | Build | House |
| 22:32 | Build | Farm |
| 22:35 | Build | Farm |
| 22:36 | Build | Farm |
| 22:38 | Create | Villager (Male) |
| 23:05 | Create | Villager (Male) |
| 23:07 | Create | Villager (Male) |
| 23:25 | Build | House |
| 23:27 | Build | House |
| 23:34 | Create | Villager (Male) |
| 23:39 | Create | Villager (Male) |
| 23:45 | Build | Farm |
| 23:53 | Create | Villager (Male) |
| 23:56 | Create | Scorpion |
| 23:57 | Create | Villager (Male) |
| 24:01 | Build | University |
| 24:12 | Build | Farm |
| 24:13 | Build | Farm |
| 24:32 | Create | Villager (Male) |
| 24:33 | Create | Villager (Male) |
| 24:35 | Create | Villager (Male) |
| 24:40 | Build | Lumber Camp |
| 24:48 | Create | Scorpion |
| 25:03 | Create | Villager (Male) |
| 25:04 | Create | Villager (Male) |
| 25:04 | Create | Villager (Male) |
| 25:07 | Build | Farm |
| 25:15 | Create | Villager (Male) |
| 25:18 | Build | Farm |
| 25:20 | Build | Mill |
| 25:23 | Create | Villager (Male) |
| 25:32 | Create | Villager (Male) |
| 25:49 | Research | Wheelbarrow |
| 25:49 | Research | Wheelbarrow |
| 25:55 | Build | Palisade Wall |
| 26:03 | Create | Villager (Male) |
| 26:09 | Research | Ballistics |
| 26:15 | Create | Villager (Male) |
| 26:17 | Create | Villager (Male) |
| 26:18 | Build | Farm |
| 26:21 | Build | Farm |
| 26:51 | Create | Villager (Male) |
| 26:53 | Create | Villager (Male) |
| 26:53 | Create | Villager (Male) |
| 26:55 | Create | Villager (Male) |
| 27:14 | Build | Castle |
| 27:20 | Create | Villager (Male) |
| 27:21 | Create | Villager (Male) |
Build order — SS_Spectro
First 150 of 457 actions detected
| 0:12 | Build | Town Center |
| 2:36 | Create | Villager (Male) |
| 2:36 | Create | Villager (Male) |
| 2:37 | Create | Villager (Male) |
| 2:41 | Create | Villager (Male) |
| 2:42 | Create | Villager (Male) |
| 2:50 | Build | House |
| 3:03 | Build | House |
| 3:20 | Build | House |
| 3:30 | Build | House |
| 3:34 | Research | Loom |
| 3:58 | Create | Villager (Male) |
| 3:58 | Create | Villager (Male) |
| 3:58 | Create | Villager (Male) |
| 3:59 | Create | Villager (Male) |
| 4:41 | Build | House |
| 5:05 | Create | Villager (Male) |
| 5:07 | Build | House |
| 5:21 | Create | Villager (Male) |
| 5:21 | Create | Villager (Male) |
| 5:27 | Build | House |
| 5:44 | Build | House |
| 5:52 | Create | Villager (Male) |
| 5:53 | Create | Villager (Male) |
| 6:41 | Create | Villager (Male) |
| 7:18 | Create | Villager (Male) |
| 7:18 | Create | Villager (Male) |
| 7:24 | Create | Villager (Male) |
| 7:35 | Create | Villager (Male) |
| 7:35 | Create | Villager (Male) |
| 7:52 | Create | Villager (Male) |
| 7:53 | Create | Villager (Male) |
| 7:53 | Create | Villager (Male) |
| 7:55 | Build | Lumber Camp |
| 8:24 | Build | Mill |
| 8:39 | Create | Villager (Male) |
| 8:39 | Create | Villager (Male) |
| 9:22 | Research | Feudal Age |
| 10:24 | Build | House |
| 10:48 | Create | Villager (Male) |
| 10:55 | Build | Barracks |
| 11:06 | Create | Villager (Male) |
| 11:07 | Create | Villager (Male) |
| 11:25 | Build | Palisade Wall |
| 11:31 | Create | Villager (Male) |
| 11:35 | Age | Feudal Age |
| 11:37 | Research | Double-Bit Axe |
| 11:37 | Create | Villager (Male) |
| 12:06 | Build | Archery Range |
| 12:11 | Create | Villager (Male) |
| 12:24 | Create | Villager (Male) |
| 12:33 | Build | House |
| 12:48 | Create | Archer |
| 13:05 | Build | Archery Range |
| 13:09 | Create | Villager (Male) |
| 13:10 | Create | Villager (Male) |
| 13:12 | Build | House |
| 13:20 | Create | Archer |
| 13:30 | Build | House |
| 13:36 | Create | Archer |
| 13:55 | Create | Villager (Male) |
| 13:55 | Create | Villager (Male) |
| 13:55 | Create | Villager (Male) |
| 13:55 | Create | Villager (Male) |
| 13:55 | Create | Villager (Male) |
| 13:55 | Create | Villager (Male) |
| 13:55 | Create | Villager (Male) |
| 13:55 | Create | Villager (Male) |
| 13:55 | Create | Villager (Male) |
| 13:55 | Create | Villager (Male) |
| 13:55 | Create | Villager (Male) |
| 13:55 | Create | Villager (Male) |
| 13:55 | Create | Villager (Male) |
| 13:55 | Create | Villager (Male) |
| 13:55 | Create | Villager (Male) |
| 13:55 | Create | Villager (Male) |
| 13:55 | Create | Villager (Male) |
| 13:55 | Create | Villager (Male) |
| 13:55 | Create | Villager (Male) |
| 13:55 | Create | Villager (Male) |
| 13:55 | Create | Villager (Male) |
| 13:56 | Create | Archer |
| 14:21 | Create | Archer |
| 14:32 | Build | Palisade Wall |
| 14:36 | Create | Archer |
| 14:40 | Create | Villager (Male) |
| 14:41 | Create | Villager (Male) |
| 14:41 | Create | Villager (Male) |
| 14:41 | Create | Villager (Male) |
| 14:43 | Build | Blacksmith |
| 14:53 | Create | Archer |
| 14:53 | Create | Archer |
| 14:53 | Create | Archer |
| 15:02 | Build | Palisade Wall |
| 15:15 | Create | Archer |
| 15:16 | Create | Villager (Male) |
| 15:25 | Build | House |
| 15:27 | Build | House |
| 15:28 | Build | House |
| 15:31 | Create | Archer |
| 15:31 | Create | Archer |
| 15:41 | Create | Villager (Male) |
| 15:56 | Create | Archer |
| 16:05 | Create | Villager (Male) |
| 16:12 | Research | Fletching |
| 16:23 | Create | Archer |
| 16:24 | Create | Villager (Male) |
| 16:24 | Create | Villager (Male) |
| 16:30 | Build | House |
| 16:48 | Create | Archer |
| 17:01 | Create | Archer |
| 17:13 | Create | Villager (Male) |
| 17:13 | Create | Villager (Male) |
| 17:18 | Build | House |
| 17:20 | Build | House |
| 17:28 | Create | Archer |
| 17:28 | Create | Archer |
| 17:28 | Create | Villager (Male) |
| 17:29 | Create | Villager (Male) |
| 17:52 | Create | Villager (Male) |
| 17:52 | Create | Archer |
| 18:01 | Research | Horse Collar |
| 18:12 | Create | Archer |
| 18:14 | Create | Villager (Male) |
| 18:14 | Create | Villager (Male) |
| 18:18 | Build | Farm |
| 18:22 | Build | Farm |
| 18:34 | Build | House |
| 18:40 | Build | Watch Tower |
| 18:45 | Build | Mining Camp |
| 18:46 | Create | Villager (Male) |
| 18:47 | Create | Villager (Male) |
| 18:50 | Create | Archer |
| 18:50 | Create | Archer |
| 18:50 | Create | Archer |
| 19:00 | Build | House |
| 19:01 | Build | House |
| 19:16 | Create | Villager (Male) |
| 19:36 | Create | Archer |
| 19:36 | Create | Archer |
| 19:36 | Create | Archer |
| 19:37 | Create | Archer |
| 19:38 | Create | Villager (Male) |
| 19:38 | Create | Villager (Male) |
| 19:41 | Build | House |
| 19:42 | Build | House |
| 19:50 | Build | House |
| 19:51 | Build | House |
| 19:59 | Create | Villager (Male) |
| 19:59 | Create | Villager (Male) |
Build order — SS_Tiozão
First 150 of 267 actions detected
| 0:07 | Build | Town Center |
| 2:09 | Build | House |
| 2:25 | Research | Loom |
| 2:25 | Create | Villager (Male) |
| 2:25 | Create | Villager (Male) |
| 2:25 | Create | Villager (Male) |
| 2:26 | Create | Villager (Male) |
| 2:26 | Create | Villager (Male) |
| 3:39 | Create | Villager (Male) |
| 4:21 | Create | Villager (Male) |
| 4:36 | Build | House |
| 5:02 | Build | Lumber Camp |
| 5:41 | Create | Villager (Male) |
| 5:41 | Create | Villager (Male) |
| 5:41 | Create | Villager (Male) |
| 5:42 | Create | Villager (Male) |
| 6:05 | Create | Villager (Male) |
| 7:31 | Create | Villager (Male) |
| 7:52 | Build | House |
| 8:09 | Build | Mill |
| 8:11 | Create | Villager (Male) |
| 8:36 | Create | Villager (Male) |
| 8:53 | Create | Villager (Male) |
| 9:24 | Create | Villager (Male) |
| 10:07 | Create | Villager (Male) |
| 10:33 | Research | Feudal Age |
| 10:48 | Build | Palisade Wall |
| 10:58 | Build | House |
| 11:01 | Build | Palisade Wall |
| 11:02 | Build | Palisade Wall |
| 11:06 | Build | Palisade Wall |
| 11:50 | Build | Palisade Gate |
| 12:07 | Build | House |
| 12:43 | Age | Feudal Age |
| 12:54 | Build | Barracks |
| 12:57 | Create | Villager (Male) |
| 12:58 | Create | Villager (Male) |
| 13:29 | Create | Villager (Male) |
| 13:54 | Build | Stable |
| 14:00 | Create | Villager (Male) |
| 14:25 | Create | Villager (Male) |
| 14:30 | Research | Double-Bit Axe |
| 14:40 | Create | Scout Cavalry |
| 14:41 | Create | Scout Cavalry |
| 14:43 | Build | House |
| 15:05 | Create | Villager (Male) |
| 15:06 | Create | Villager (Male) |
| 15:14 | Create | Scout Cavalry |
| 15:33 | Build | Blacksmith |
| 15:35 | Create | Villager (Male) |
| 15:42 | Create | Scout Cavalry |
| 16:12 | Build | Mill |
| 16:20 | Research | Forging |
| 16:24 | Create | Scout Cavalry |
| 16:25 | Create | Scout Cavalry |
| 17:12 | Build | Farm |
| 17:17 | Build | Farm |
| 17:18 | Build | Farm |
| 17:19 | Create | Scout Cavalry |
| 17:25 | Research | Scale Barding Armor |
| 18:00 | Create | Villager (Male) |
| 18:01 | Create | Scout Cavalry |
| 18:13 | Create | Villager (Male) |
| 18:18 | Build | House |
| 18:19 | Build | House |
| 18:20 | Build | House |
| 18:35 | Create | Scout Cavalry |
| 18:35 | Create | Scout Cavalry |
| 18:38 | Create | Villager (Male) |
| 19:28 | Create | Villager (Male) |
| 19:37 | Build | Mill |
| 19:40 | Create | Villager (Male) |
| 19:41 | Create | Villager (Male) |
| 20:03 | Build | Farm |
| 20:05 | Create | Villager (Male) |
| 20:10 | Build | House |
| 20:35 | Build | Mining Camp |
| 20:37 | Create | Villager (Male) |
| 21:01 | Build | House |
| 21:02 | Build | House |
| 21:17 | Create | Scout Cavalry |
| 21:21 | Create | Scout Cavalry |
| 21:21 | Create | Scout Cavalry |
| 21:50 | Create | Villager (Male) |
| 22:43 | Create | Villager (Male) |
| 22:49 | Build | Mill |
| 23:15 | Research | Castle Age |
| 23:29 | Build | Stable |
| 23:31 | Build | Mining Camp |
| 23:48 | Research | Horse Collar |
| 24:30 | Research | Bow Saw |
| 25:05 | Research | Gold Mining |
| 25:55 | Age | Castle Age |
| 25:58 | Research | Cavalier (upgrade) |
| 26:04 | Research | Iron Casting |
| 26:05 | Create | Villager (Male) |
| 26:05 | Create | Villager (Male) |
| 26:06 | Create | Villager (Male) |
| 26:07 | Create | Villager (Male) |
| 26:33 | Research | Chain Barding Armor |
| 26:38 | Create | Villager (Male) |
| 26:38 | Create | Villager (Male) |
| 26:58 | Research | Husbandry |
| 27:04 | Create | Knight |
| 27:05 | Create | Knight |
| 27:22 | Create | Villager (Male) |
| 27:22 | Create | Villager (Male) |
| 27:27 | Build | Town Center |
| 27:33 | Create | Villager (Male) |
| 27:37 | Create | Knight |
| 27:38 | Create | Knight |
| 27:55 | Create | Knight |
| 28:23 | Create | Knight |
| 28:25 | Create | Knight |
| 28:46 | Create | Villager (Male) |
| 28:46 | Create | Villager (Male) |
| 28:56 | Create | Knight |
| 28:59 | Create | Knight |
| 29:12 | Build | Town Center |
| 29:16 | Create | Villager (Male) |
| 29:33 | Create | Knight |
| 29:33 | Create | Knight |
| 29:39 | Create | Villager (Male) |
| 29:44 | Build | Farm |
| 29:45 | Build | Farm |
| 30:19 | Create | Knight |
| 30:19 | Create | Knight |
| 30:19 | Create | Knight |
| 30:19 | Create | Knight |
| 30:28 | Create | Villager (Male) |
| 30:31 | Build | Farm |
| 30:36 | Build | Farm |
| 30:53 | Create | Knight |
| 30:53 | Create | Knight |
| 30:55 | Create | Villager (Male) |
| 31:03 | Create | Villager (Male) |
| 31:03 | Create | Villager (Male) |
| 31:07 | Build | Farm |
| 31:09 | Build | Farm |
| 31:10 | Create | Villager (Male) |
| 31:12 | Build | House |
| 31:13 | Build | House |
| 31:31 | Research | Wheelbarrow |
| 31:34 | Create | Villager (Male) |
| 31:35 | Create | Villager (Male) |
| 31:53 | Create | Knight |
| 31:53 | Create | Knight |
| 31:54 | Create | Knight |
| 31:54 | Create | Knight |
| 31:58 | Create | Villager (Male) |
Match timeline
| 1:56 | SSx_KakashiXxX · wall_segment Palisade Wall x1 |
| 2:10 | SSx_KakashiXxX · wall_segment Palisade Wall x1 |
| 2:55 | SSx_KakashiXxX · wall_segment Palisade Wall x1 |
| 2:59 | SSx_KakashiXxX · wall_segment Palisade Wall x1 |
| 3:07 | SSx_KakashiXxX · wall_segment Palisade Wall x1 |
| 3:13 | SSx_KakashiXxX · wall_segment Palisade Wall x1 |
| 3:28 | SSx_KakashiXxX · wall_segment Palisade Wall x1 |
| 3:31 | Five · wall_segment Palisade Wall x1 |
| 3:39 | SSx_KakashiXxX · wall_segment Palisade Wall x1 |
| 3:44 | Five · wall_segment Palisade Wall x1 |
| 5:00 | SSx_KakashiXxX · wall_segment Palisade Wall x1 |
| 5:24 | Arabeiro · wall_segment Palisade Wall x1 |
| 5:26 | SSx_KakashiXxX · wall_segment Palisade Wall x1 |
| 6:05 | Five · wall_segment Palisade Wall x1 |
| 7:14 | Arabeiro · wall_segment Palisade Wall x1 |
| 8:30 | SSx_KakashiXxX · first_building Barracks |
| 8:37 | Arabeiro · wall_segment Palisade Wall x2 |
| 8:41 | Arabeiro · wall_segment Palisade Wall x17 |
| 9:21 | Arabeiro · wall_segment Palisade Wall x10 |
| 9:45 | Arabeiro · wall_segment Palisade Wall x1 |
| 9:48 | Arabeiro · wall_segment Palisade Wall x4 |
| 9:53 | Arabeiro · wall_segment Palisade Wall x17 |
| 10:21 | Arabeiro · wall_segment Palisade Wall x4 |
| 10:31 | Arabeiro · wall_segment Palisade Wall x2 |
| 10:48 | SS_Tiozão · wall_segment Palisade Wall x3 |
| 10:55 | SS_Spectro · first_building Barracks |
| 11:01 | SS_Tiozão · wall_segment Palisade Wall x1 |
| 11:02 | SS_Tiozão · wall_segment Palisade Wall x1 |
| 11:05 | Gomes · wall_segment Palisade Wall x3 |
| 11:06 | SS_Tiozão · wall_segment Palisade Wall x1 |
| 11:14 | SSx_KakashiXxX · first_building Dock |
| 11:17 | Five · wall_segment Palisade Wall x1 |
| 11:23 | SSx_Flexa · first_building Barracks |
| 11:25 | SS_Spectro · wall_segment Palisade Wall x8 |
| 11:35 | SS_Spectro · age_up feudal |
| 11:40 | Five · wall_segment Palisade Wall x1 |
| 11:44 | Gomes · wall_segment Palisade Wall x6 |
| 11:48 | Gomes · wall_segment Palisade Wall x5 |
| 11:51 | Gomes · wall_segment Palisade Wall x4 |
| 11:58 | SSx_Flexa · wall_segment Palisade Wall x5 |
| 12:06 | SS_Spectro · first_building Archery Range |
| 12:22 | WagneR_JR · first_building Barracks |
| 12:29 | Arabeiro · wall_segment Palisade Wall x1 |
| 12:31 | SSx_KakashiXxX · age_up feudal |
| 12:43 | SS_Tiozão · age_up feudal |
| 12:43 | SSx_Flexa · age_up feudal |
| 12:54 | SS_Tiozão · first_building Barracks |
| 12:57 | Gomes · age_up feudal |
| 13:03 | Gomes · first_building Barracks |
| 13:03 | Five · age_up feudal |
| 13:05 | Arabeiro · age_up feudal |
| 13:43 | WagneR_JR · age_up feudal |
| 13:45 | Gomes · first_building Archery Range |
| 13:47 | WagneR_JR · first_building Archery Range |
| 13:54 | SS_Tiozão · first_building Stable |
| 14:04 | Five · wall_segment Palisade Wall x3 |
| 14:06 | Five · wall_segment Palisade Wall x3 |
| 14:10 | Five · wall_segment Palisade Wall x4 |
| 14:31 | Five · wall_segment Palisade Wall x6 |
| 14:32 | SS_Spectro · wall_segment Palisade Wall x11 |
| 14:33 | Five · wall_segment Palisade Wall x1 |
| 14:45 | Five · wall_segment Palisade Wall x2 |
| 14:49 | Five · wall_segment Palisade Wall x1 |
| 14:51 | Five · wall_segment Palisade Wall x3 |
| 15:02 | SS_Spectro · wall_segment Palisade Wall x18 |
| 15:24 | SSx_Flexa · wall_segment Palisade Wall x1 |
| 15:30 | SSx_Flexa · wall_segment Palisade Wall x1 |
| 15:36 | SSx_Flexa · first_building Archery Range |
| 15:49 | WagneR_JR · wall_segment Palisade Wall x1 |
| 16:14 | SSx_KakashiXxX · first_building Archery Range |
| 16:58 | Five · age_up castle |
| 17:13 | WagneR_JR · age_up castle |
| 17:20 | Arabeiro · age_up castle |
| 17:21 | Arabeiro · first_building Siege Workshop |
| 17:29 | Five · first_building Castle |
| 17:45 | Arabeiro · first_market_buy 100 wood |
| 18:24 | Arabeiro · first_market_sell 100 food |
| 18:40 | SSx_KakashiXxX · wall_segment Palisade Wall x1 |
| 19:14 | Gomes · age_up castle |
| 19:36 | SSx_Flexa · wall_segment Palisade Wall x10 |
| 19:50 | Five · first_market_sell 100 stone |
| 20:11 | SSx_KakashiXxX · first_market_buy 100 food |
| 20:13 | SSx_KakashiXxX · first_market_sell 100 wood |
| 20:29 | SS_Spectro · wall_segment Palisade Wall x7 |
| 21:04 | SSx_KakashiXxX · wall_segment Palisade Wall x2 |
| 21:15 | Gomes · first_building Castle |
| 21:45 | Arabeiro · wall_segment Palisade Wall x1 |
| 22:20 | SSx_KakashiXxX · wall_segment Palisade Wall x1 |
| 22:29 | SSx_KakashiXxX · wall_segment Palisade Wall x1 |
| 22:31 | SSx_KakashiXxX · wall_segment Palisade Wall x1 |
| 22:33 | SSx_KakashiXxX · wall_segment Palisade Wall x3 |
| 22:42 | WagneR_JR · wall_segment Palisade Wall x3 |
| 22:46 | WagneR_JR · wall_segment Palisade Wall x14 |
| 22:48 | SSx_KakashiXxX · wall_segment Palisade Wall x1 |
| 23:10 | SSx_KakashiXxX · age_up castle |
| 23:45 | SSx_KakashiXxX · first_building Siege Workshop |
| 23:54 | SSx_KakashiXxX · wall_segment Palisade Wall x1 |
| 24:02 | WagneR_JR · wall_segment Palisade Wall x1 |
| 24:05 | WagneR_JR · wall_segment Palisade Wall x1 |
| 25:55 | SS_Tiozão · age_up castle |
| 25:55 | Arabeiro · wall_segment Palisade Wall x1 |
| 26:30 | SSx_Flexa · wall_segment Palisade Wall x1 |
| 26:45 | SSx_Flexa · wall_segment Palisade Wall x3 |
| 27:14 | Arabeiro · first_building Castle |
| 27:18 | Gomes · first_market_buy 100 wood |
| 27:22 | Gomes · first_building Siege Workshop |
| 27:27 | SS_Spectro · age_up castle |
| 27:41 | Gomes · wall_segment Palisade Wall x1 |
| 27:51 | SSx_Flexa · first_market_sell 100 wood |
| 27:53 | SSx_Flexa · first_market_buy 100 food |
| 28:17 | Five · first_building Siege Workshop |
| 28:44 | Arabeiro · first_building Barracks |
| 29:06 | Arabeiro · wall_segment Palisade Wall x1 |
| 29:28 | SS_Spectro · first_building Castle |
| 29:37 | SSx_KakashiXxX · first_building Monastery |
| 29:50 | Arabeiro · first_building Stable |
| 30:15 | Five · first_market_buy 100 stone |
| 30:50 | SSx_Flexa · age_up castle |
| 30:55 | SSx_Flexa · first_building Siege Workshop |
| 31:37 | Gomes · first_market_sell 100 wood |
| 32:26 | SSx_KakashiXxX · wall_segment Palisade Wall x1 |
| 32:27 | SSx_KakashiXxX · wall_segment Palisade Wall x1 |
| 33:57 | Arabeiro · age_up imperial |
| 34:57 | WagneR_JR · first_building Siege Workshop |
| 36:02 | WagneR_JR · first_market_buy 100 stone |
| 38:46 | Five · first_building Barracks |
| 39:18 | SS_Spectro · age_up imperial |
| 40:53 | Five · age_up imperial |
| 41:18 | SS_Tiozão · first_building Castle |
| 41:28 | SS_Spectro · first_market_sell 500 food |
| 41:38 | Arabeiro · resign |
| 41:49 | SS_Spectro · first_market_buy 100 stone |
[ AI ANALYSIS · 1 CREDIT ]
What really happened in this match?
Wolo.gg analyzes every decision: build order, eco, micro, common mistakes by bracket. Personalized analysis on WhatsApp or Discord in 30 seconds.
Civ guide
Maya
Perfil
Five